 Dungeon Crawl Stone Soup version 0.19.5 (webtiles) character file.

43141 JeffiDaFish the Basher (level 14, -1/90 HPs)
             Began as a Gargoyle Fighter on Aug 24, 2017.
             Was the Champion of Okawaru.
             Engulfed by a fire crab's flame (20 damage)
             ... on level 6 of the Lair of Beasts on Aug 25, 2017.
             The game lasted 00:53:23 (16694 turns).

JeffiDaFish the Basher (Gargoyle Fighter)          Turns: 16694, Time: 00:53:23

Health: -1/90      AC: 43    Str: 23    XL:     14   Next: 22%
Magic:  14/19      EV: 11    Int: 10    God:    Okawaru [******]
Gold:   850        SH: 13    Dex: 13    Spells: 0 memorised, 13 levels left

rFire  . . .     SeeInvis .     F - +2 eveningstar (crush)
rCold  + . .     Gourm    .     o - +5 chain mail
rNeg   + . .     Faith    .     c - +0 shield
rPois  ∞         Spirit   .     (no helmet)
rElec  +         Reflect  .     s - +2 cloak
rCorr  .         Harm     .     y - +2 pair of gloves {Str+3}
MR     +....                    h - +2 pair of boots
Stlth  ..........               (no amulet)
                                l - ring of protection from cold
                                k - +6 ring of protection

@: about to teleport, finesse, flying
A: big wings, negative energy resistance 1, electricity resistance, unbreathing,
petrification resistance, rot immunity, AC +9
a: Stop Flying, Heroism, Finesse, Renounce Religion


You were on level 6 of the Lair of Beasts.
You worshipped Okawaru.
Okawaru was exalted by your worship.
You were not hungry.

You visited 2 branches of the dungeon, and saw 16 of its levels.
You also visited: Labyrinth.

You collected 1097 gold pieces.
You spent 247 gold pieces at shops.

Inventory:

Hand Weapons
 F - a +2 eveningstar of crushing (weapon)
Armour
 c - a +0 shield (worn)
 h - a +2 pair of boots (worn)
 o - a +5 chain mail (worn)
 s - a +2 cloak (worn)
 y - a +2 pair of gloves of strength (worn)
Jewellery
 k - a +6 ring of protection (left hand)
 l - a ring of protection from cold (right hand)
 C - the amulet "Ficzuin" {Harm *Drain rC++ rN+ Str+4 Int+2}
   (You found it in a labyrinth)

   [amulet of harm]

   It increases damage dealt and taken.
   It affects your strength (+4).
   It affects your intelligence (+2).
   It greatly protects you from cold.
   It protects you from negative energy.
   It causes draining when unequipped.
Wands
 D - a wand of lightning (10/15)
Scrolls
 a - 2 scrolls of magic mapping
 b - 4 scrolls of recharging
 d - 5 scrolls of amnesia
 e - 4 scrolls of remove curse
 m - 13 scrolls of identify
 r - 5 scrolls of teleportation
Potions
 g - 2 potions of heal wounds
 i - a potion of magic
 j - 3 potions of flight
 q - a potion of might
 u - 2 potions of agility
 z - 5 potions of curing
Books
 x - a book of Burglary

   Spells                             Type                      Level
   a - Swiftness                      Charms/Air                   2
   b - Passwall                       Transmutation/Earth          2
   c - Passage of Golubria            Translocation                4
   d - Lee's Rapid Deconstruction     Earth                        5
   e - Darkness                       Hexes                        6
   f - Invisibility                   Hexes                        6
 B - a book of Burglary

   Spells                             Type                      Level
   a - Swiftness                      Charms/Air                   2
   b - Passwall                       Transmutation/Earth          2
   c - Passage of Golubria            Translocation                4
   d - Lee's Rapid Deconstruction     Earth                        5
   e - Darkness                       Hexes                        6
   f - Invisibility                   Hexes                        6
 E - a book of Power

   Spells                             Type                      Level
   a - Fulminant Prism                Conjuration/Hexes            4
   b - Iskenderun's Mystic Blast      Conjuration                  4
   c - Venom Bolt                     Conjuration/Poison           5
   d - Bolt of Magma                  Conjuration/Fire/Earth       5
   e - Iron Shot                      Conjuration/Earth            6
   f - Orb of Destruction             Conjuration                  7
   g - Spellforged Servitor           Conjuration/Summoning        7
Comestibles
 f - 8 bread rations
 n - 11 meat rations
 p - 4 chunks of flesh
 t - 2 slices of pizza
 v - a beef jerky
 w - a royal jelly
 A - 13 fruits


   Skills:
 * Level 11.4 Fighting
 * Level 13.2 Maces & Flails
 * Level 11.4 Armour
 + Level 5.8 Dodging
 - Level 2.2 Stealth
 * Level 13.0 Shields
 + Level 6.9 Invocations


You had 13 spell levels left.
You didn't know any spells.

Dungeon Overview and Level Annotations

Branches:
Dungeon (10/15)            Temple (0/1) D:4            Lair (6/6) D:10
  Swamp (0/4) Lair:3       Spider (0/4) Lair:2        Slime (0/5) Lair:6
    Orc: D:9-12

Altars:
Ashenzari
Cheibriados
Dithmenos
Hepliaklqana
Kikubaaqudgha
Makhleb
Okawaru
Ru
Uskayaw
Vehumet
Jiyva

Shops:
D:7 *   D:9 (   D:10 *


Innate Abilities, Weirdness & Mutations

You are resistant to torment.
Your stone body is resilient. (AC +9)
You are immune to poison.
Your large and strong wings let you fly indefinitely.
You resist negative energy. (rN+)
You are resistant to electric shocks. (rElec)
You can survive without breathing.
You are immune to petrification.
You are immune to rotting.


Message History

You sock the molten gargoyle!
The molten gargoyle is heavily damaged.
You are engulfed in roaring flames.
The fire crab breathes flames at you. The blast of flame engulfs you!
The hell hound barely misses you.
The basilisk is engulfed in roaring flames.
The basilisk dies!
You can now deal lightning-fast blows.
You are engulfed in roaring flames.
The hell hound barely misses you. The molten gargoyle closely misses you.
You block the fire crab's attack. x2
You puncture the molten gargoyle!
The molten gargoyle is almost destroyed.
You are engulfed in roaring flames.
You block the hell hound's attack.
The hell hound bites you but does no damage.
You block the fire crab's attack. The fire crab claws you!
You are engulfed in flames!
* * * LOW HITPOINT WARNING * * *
As you read the scroll of teleportation, it crumbles to dust.
You feel strangely unstable.
You are engulfed in roaring flames.
You die...

≈≈≈##......... ###§##
#P}....#
#§≈##.......... ##§#
##...### ##≈≈..........
###≈≈## ##...####
##≈§.#........##≈≈≈≈§#
#..#...#
.#.§§##≈≈≈..#..≈≈≈≈§≈#
#.......
÷†.§≈≈≈≈≈§≈##≈..§≈##§§#
#.##.#P.#
..#§§§≈≈≈≈≈≈≈§§§≈## §§#
## #.##.#
..≈≈§######≈≈≈§§.## ###
###..P #≈≈§## ##≈≈##@9#
####..# ≈≈≈§#
#≈§#hht...# #.##)..
..≈≈#. .#§#......#8#
##..†.. ..#§#..
..#≈.......# #P..##
..#§#.. ...#.≈......8#
#..## .##
..##.§#.....## ##..##
## .≈≈#......
######.#.# ≈≈≈#........
#...PP...# #.........


You could see a fire crab, a molten gargoyle and 2 hell hounds.

Vanquished Creatures
  Josephine (D:10)
  A minotaur (Lab)
  5 hydras
  A catoblepas (Lair:4)
  Erica (D:9)
  An unseen horror (D:10)
  17 elephants
  2 molten gargoyles (Lair:6)
  4 black mambas
  Joseph (D:9)
  13 spiny frogs
  2 rime drakes
  8 komodo dragons
  A demonic crawler (Lair:2)
  A tengu conjurer (D:10)
  3 tyrant leeches (Lair:3)
  Grinder (D:3)
  11 blink frogs
  3 hippogriffs
  4 dream sheep (Lair:6)
  Sigmund (D:2)
  40 yaks
  4 basilisks
  4 wraiths (D:10)
  5 wyverns
  2 steam dragons
  The ghost of JeffiDaFish the Shield-Bearer, an amateur GrFi (D:4)
  A mottled dragon (Lair:6)
  A hell hound (Lair:6)
  7 porcupines
  12 water moccasins
  3 orc warriors
  A sky beast (D:9)
  A black bear (D:8)
  4 ice beasts
  2 phantoms
  7 ogres
  A wolf (Lair:3)
  3 centaurs
  14 crocodiles
  Blork the orc (D:4)
  2 big kobolds (D:9)
  12 bullfrogs
  5 scorpions
  A wyvern skeleton (D:10)
  A howler monkey (D:9)
  5 wights (D:8)
  5 lava snakes (Lair:6)
  A crimson imp (D:7)
  A centaur zombie (D:5)
  2 bullfrog skeletons
  3 jellies
  5 orc priests
  Crazy Yiuf (D:2)
  2 centaur skeletons
  6 hounds
  3 iguanas
  10 orc wizards
  Ijyb (D:3)
  5 worker ants
  A howler monkey zombie (D:5)
  A worker ant zombie (D:9)
  Robin (D:2)
  7 adders
  4 gnolls (D:5)
  3 shadow imps
  2 adder zombies
  6 worms
  5 dart slugs
  8 leopard geckos
  28 orcs
  4 giant cockroaches
  18 goblins
  16 hobgoblins
  9 jackals
  5 quokkas
  3 ball pythons
  8 bats
  4 frilled lizards
  14 kobolds
  A leopard gecko zombie (D:7)
  A quokka skeleton (D:5)
  11 rats
427 creatures vanquished.

Vanquished Creatures (others)
  A basilisk (Lair:6)
  16 fungi
  5 plants
22 creatures vanquished.

Grand Total: 449 creatures vanquished

Notes
Turn   | Place    | Note
-------+----------+-------------------------------------------
     0 | D:1      | JeffiDaFish the Gargoyle Fighter began the quest for the Orb.
     0 | D:1      | Reached XP level 1. HP: 14/14 MP: 1/1
   207 | D:1      | Reached XP level 2. HP: 18/19 MP: 2/2
   618 | D:1      | Reached XP level 3. HP: 24/24 MP: 3/3
   838 | D:2      | Noticed Sigmund
   868 | D:2      | Killed Sigmund
   868 | D:2      | Reached XP level 4. HP: 16/29 MP: 4/4
   868 | D:2      | Reached XP level 5. HP: 18/33 MP: 5/5
  1393 | D:2      | Noticed Robin
  1405 | D:2      | Killed Robin
  1405 | D:2      | Reached XP level 6. HP: 27/39 MP: 6/6
  1947 | D:2      | Found a runed door.
  2222 | D:2      | Noticed Crazy Yiuf
  2239 | D:2      | Killed Crazy Yiuf
  2707 | D:3      | Found a shattered altar of Ashenzari.
  2731 | D:3      | Noticed Ijyb
  2748 | D:3      | Killed Ijyb
  2748 | D:3      | Reached skill level 5 in Shields
  2899 | D:3      | Found an iron altar of Okawaru.
  2909 | D:3      | Found a radiant altar of Vehumet.
  2914 | D:3      | Reached skill level 1 in Stealth
  2934 | D:3      | Became a worshipper of Warmaster Okawaru
  2979 | D:3      | Found a shadowy altar of Dithmenos.
  2981 | D:3      | Noticed Grinder
  2989 | D:3      | Paralysed by Grinder for 4 turns
  3021 | D:3      | Paralysed by Grinder for 4 turns
  3029 | D:3      | Paralysed by Grinder for 4 turns
  3039 | D:3      | Killed Grinder
  3039 | D:3      | Reached skill level 5 in Maces & Flails
  3039 | D:3      | Reached XP level 7. HP: 27/44 MP: 7/7
  3530 | D:3      | Found a burning altar of Makhleb.
  3691 | D:4      | Noticed JeffiDaFish's ghost (amateur GrFi)
  4021 | D:4      | Found a staircase to the Ecumenical Temple.
  4089 | D:4      | Noticed Blork the orc
  4099 | D:4      | Killed Blork the orc
  4099 | D:4      | Reached * piety under Okawaru
  4099 | D:4      | Reached skill level 1 in Dodging
  4145 | D:4      | Gained mutation: You can translocate small distances at will. [potion of mutation]
  4145 | D:4      | Gained mutation: You have a beak for a mouth. [potion of mutation]
  4151 | D:4      | Killed JeffiDaFish's ghost
  4151 | D:4      | Reached XP level 8. HP: 42/48 MP: 8/8
  4189 | D:4      | Reached skill level 5 in Armour
  4524 | D:5      | Entered Level 5 of the Dungeon
  4531 | D:5      | Reached skill level 5 in Fighting
  4619 | D:5      | Reached ** piety under Okawaru
  5012 | D:5      | Found a hazy altar of Hepliaklqana.
  5012 | D:5      | Found a snail-covered altar of Cheibriados.
  5207 | D:5      | Found a sacrificial altar of Ru.
  5468 | D:6      | Reached XP level 9. HP: 57/57 MP: 8/12
  6038 | D:6      | Reached XP level 10. HP: 64/64 MP: 13/13
  6524 | D:7      | Found Yhukaak's General Store.
  6663 | D:7      | Reached *** piety under Okawaru
  6913 | D:7      | Got a pair of smoking gloves
  6919 | D:7      | Identified the cursed +0 pair of gloves of the Yeti {rC- rN+++ Regen+ Int+3} (You found it on level 7 of the Dungeon)
  7577 | D:8      | Reached **** piety under Okawaru
  7861 | D:8      | Found a hide-covered altar of Uskayaw.
  7877 | D:8      | Found an ancient bone altar of Kikubaaqudgha.
  8221 | D:9      | Found Niwolyf's Weapon Emporium.
  8234 | D:9      | Bought a +1 morningstar of protection for 165 gold pieces
  8436 | D:9      | Noticed Joseph
  8440 | D:9      | Noticed Erica
  8461 | D:9      | Killed Joseph
  8461 | D:9      | Reached skill level 10 in Shields
  8461 | D:9      | Reached XP level 11. HP: 69/69 MP: 12/14
  8482 | D:9      | Killed Erica
  8482 | D:9      | Reached ***** piety under Okawaru
  8494 | D:9      | Found an ancient bone altar of Kikubaaqudgha.
  8753 | D:10     | Entered Level 10 of the Dungeon
  8753 | D:10     | Found Unkir's General Store.
  8758 | D:10     | Bought a scroll of enchant armour for 82 gold pieces
  8848 | D:10     | Reached skill level 10 in Maces & Flails
  8858 | D:10     | Killed an unseen horror
  8858 | D:10     | Received a gift from Okawaru
  9099 | D:10     | Found a staircase to the Lair.
  9185 | D:10     | Noticed Josephine
  9207 | D:10     | Killed Josephine
  9864 | Lair:1   | Entered Level 1 of the Lair of Beasts
  9872 | Lair:1   | Noticed a five-headed hydra
  9881 | Lair:1   | Killed a five-headed hydra
 10051 | Lair:1   | Reached XP level 12. HP: 76/76 MP: 15/15
 10262 | Lair:1   | Noticed a seven-headed hydra
 10269 | Lair:1   | Killed a seven-headed hydra
 10781 | Lair:2   | Received a gift from Okawaru
 10880 | Lair:2   | Reached skill level 5 in Invocations
 11191 | Lair:2   | Reached ****** piety under Okawaru
 11283 | Lair:2   | Found a hole to the Spider Nest.
 11867 | Lair:3   | Reached skill level 10 in Armour
 11891 | Lair:3   | Received a gift from Okawaru
 12062 | Lair:3   | Reached XP level 13. HP: 61/82 MP: 12/17
 12081 | Lair:3   | Reached skill level 10 in Fighting
 12157 | Lair:3   | Found a staircase to the Swamp.
 12351 | Lair:3   | Lost mutation: You can translocate small distances at will. [potion of cure mutation]
 12351 | Lair:3   | Lost mutation: You have a beak for a mouth. [potion of cure mutation]
 12826 | Lair:4   | Reached skill level 5 in Dodging
 12952 | Lair:4   | Received a gift from Okawaru
 13919 | Lair:5   | Found a labyrinth entrance.
 13931 | Lab      | Entered a labyrinth
 14341 | Lab      | Noticed a minotaur
 14356 | Lab      | Killed a minotaur
 14388 | Lab      | Got a wavering bone amulet
 14394 | Lab      | Identified the amulet "Ficzuin" {Harm *Drain rC++ rN+ Str+4 Int+2} (You found it in a labyrinth)
 15737 | Lair:6   | Entered Level 6 of the Lair of Beasts
 15859 | Lair:6   | Received a gift from Okawaru
 15890 | Lair:6   | Found a viscous altar of Jiyva.
 15891 | Lair:6   | Found a staircase to the Slime Pits.
 16038 | Lair:6   | Gained mutation: Your large and strong wings let you fly indefinitely. [Gargoyle growth]
 16038 | Lair:6   | Reached XP level 14. HP: 90/90 MP: 19/19
 16694 | Lair:6   | Engulfed by a fire crab's flame

Skill      XL: |  1  2  3  4  5  6  7  8  9 10 11 12 13 14 |
---------------+-------------------------------------------+-----
Fighting       | 4 7 8 9 11 | 11.4
Maces & Flails | 3 5 8 9 11 12 13 | 13.2
Armour         | 4 7 8 9 10 11 | 11.4
Shields        | 4 5 6 8 10 11 12 13 | 13.0
Stealth        | 1 2 |  2.2
Dodging        | 1 4 5 |  5.8
Invocations    | 4 5 6 |  6.9

Action                   |  1- 3 |  4- 6 |  7- 9 | 10-12 | 13-15 || total
-------------------------+-------+-------+-------+-------+-------++-------
Melee: Flail             |    92 |   239 |       |       |       ||   331
       Whip              |       |    89 |   330 |   418 |       ||   837
       Peck              |       |       |    48 |   259 |    27 ||   334
       Morningstar       |       |       |       |   669 |   308 ||   977
       Eveningstar       |       |       |       |       |   283 ||   283
Invok: Heroism           |       |       |       |     1 |       ||     1
       Finesse           |       |       |       |     4 |     4 ||     8
 Abil: Blink             |       |       |       |     1 |       ||     1
       Fly               |       |       |       |       |     1 ||     1
  Use: Potion            |     4 |     7 |     5 |       |     4 ||    20
       Scroll            |     3 |     5 |     5 |    11 |     8 ||    32
  Eat: Chunk             |       |     8 |    10 |    21 |    16 ||    55
Armor: Scale mail        |    48 |       |       |       |       ||    48
       Chain mail        |       |   317 |   135 |   618 |   363 ||  1433
       Plate armour      |       |       |    10 |   131 |       ||   141
Dodge: Dodged            |    24 |   104 |    49 |   359 |   228 ||   764
Block: Shield            |    43 |   213 |   135 |   687 |   363 ||  1441
